[Event "*** Titled Tuesday Blitz"]
[Site "Chess.com"]
[Date "2021.03.09"]
[Round "1"]
[White "KhamzinOlzhas"]
[Black "Magila31"]
[Result "1-0"]
[WhiteElo "2541"]
[BlackElo "2220"]
[TimeControl "180+1"]
[EndTime "10:05:08 PST"]
[Termination "KhamzinOlzhas won by resignation"]

1. e4 e5 2. Nf3 Nc6 3. d4 exd4 4. Nxd4 Bb4+ 5. c3 Be7 6. Nxc6 bxc6 7. Bc4 d6 8. Qb3 Nf6 9. Bxf7+ Kf8 10. Be6 Nxe4 11.
Bxc8 Qxc8 12. O-O d5 13. Nd2 Nc5 14. Qc2 Bf6 15. b4 Nb7 16. Rb1 Nd6 17. c4 Qf5 18. Qxf5 Nxf5 19. cxd5 cxd5 20. Nf3 Kf7 21. b5 Rab8 22.
Bf4 Rb7 23. Rfc1 Rc8 24. a4 h6 25. Rc6 Ne7 26. Rc5 c6 27. Rbc1 Bb2 28. R1c2 Ba3 29. R5c3 c5 30. Rxa3 1-0

[Event "*** Titled Tuesday Blitz"]
[Site "Chess.com"]
[Date "2021.03.09"]
[Round "1"]
[White "ukchessbomber"]
[Black "HanSchut"]
[Result "1-0"]
[WhiteElo "2538"]
[BlackElo "2209"]
[TimeControl "180+1"]
[EndTime "10:05:09 PST"]
[Termination "ukchessbomber won by resignation"]

1. d4 Nf6 2. c4 g6 3. Nc3 d5 4. cxd5 Nxd5 5. e4 Nxc3 6. bxc3 Bg7 7. Be3 c5 8. Qd2 Qa5 9. Rc1 cxd4 10. cxd4 Qxd2+ 11.
Bxd2 O-O 12. Be3 e6 13. Nf3 Nc6 14. d5 exd5 15. exd5 Ne5 16. Be2 Bf5 17. O-O b6 18.
Rfd1 Rac8 19. Nd4 Rxc1 20. Rxc1 Bd3 21. Bxd3 Nxd3 22. Rc7 Re8 23. d6 Nc5 24. d7 Rd8 25.
Rc8 Ne6 26. Nxe6 1-0

[Event "*** Titled Tuesday Blitz"]
[Site "Chess.com"]
[Date "2021.03.09"]
[Round "1"]
[White "Unknown_IM"]
[Black "GoltsevDmitry2000"]
[Result "0-1"]
[WhiteElo "2391"]
[BlackElo "2715"]
[TimeControl "180+1"]
[EndTime "10:05:10 PST"]
[Termination "GoltsevDmitry2000 won by resignation"]

1. e4 c5 2. Nf3 e6 3. c3 Nc6 4.
d4 cxd4 5. cxd4 d5 6. e5 Nge7 7. Nc3 Nf5 8. a3 a6 9. b4 b5 10. Bb2 Qb6 11. Ne2 Bd7 12. g4 Nfe7 13. Ng3 Rc8 14.
Bd3 a5 15. Qb3 Ng6 16. Bxg6 hxg6 17. Bc3 Be7 18. O-O a4 19. Qb2 Kd8 20. Bd2 Kc7 21.
Rfd1 Rh3 22. Bg5 Rch8 23. Bxe7 Nxe7 24. Rac1+ Kb7 25. Rc5 f5 26. gxf5 gxf5 27. Kg2 f4 28. Ne2 g5 29. Neg1 R3h5 30. h3 Nf5 31. Rdc1 Rg8 32.
Qc3 g4 33. hxg4 Rxg4+ 34. Kf1 Rh7 35. Rc7+ Ka6 36. Rxd7 Rxd7 37. Qc8+ Qb7 38. Rc6+ Ka7 39. Ra6+ Kxa6 40. Qc5 Rc7 41. Qf8 Rc1+ 42. Ke2 Rgxg1 43. Nxg1 Rxg1 44. Kf3 Rf1 45. Kxf4 Rxf2+ 46. Kg5 Qg7+ 0-1

[Event "*** Titled Tuesday Blitz"]
[Site "Chess.com"]
[Date "2021.03.09"]
[Round "1"]
[White "Politov_Pavel"]
[Black "kingofthenil"]
[Result "0-1"]
[WhiteElo "2424"]
[BlackElo "2802"]
[TimeControl "180+1"]
[EndTime "10:05:14 PST"]
[Termination "kingofthenil won by resignation"]

1. d4 Nc6 2. e4 d5 3. Nc3 dxe4 4. d5 Nb8 5. f3 Nf6 6. fxe4 e6 7. Nf3 Bb4 8. Bb5+ c6 9. dxc6 Qxd1+ 10. Kxd1 Nxc6 11.
Ne5 O-O 12. Nxc6 bxc6 13. Bxc6 Rb8 14. Bf4 Rb6 15. Ba4 Bxc3 16. bxc3 Nxe4 17. Kc1 Nxc3 18. Be3 Nxa4 19. Bxb6 axb6 20. Rd1 Bb7 21. g3 Bd5 22. Rd4 Nc3 23. Kb2 Rc8 24. a4 g6 25. Rb4 Rc6 26. Ra3 Ne4 27. a5 bxa5 28. Rxa5 Nd6 29. Ra8+ Kg7 30.
Rab8 Nc4+ 31. Kc3 Ne3+ 32. Kd2 Nxc2 33. R4b6 Nd4 34. Rxc6 Nxc6 35. Ra8 Ne5 36. Ra7 Ng4 37. h3 Nf2 38. h4 Ne4+ 0-1

[Event "*** Titled Tuesday Blitz"]
[Site "Chess.com"]
[Date "2021.03.09"]
[Round "1"]
[White "eljanov"]
[Black "SergeyShtyka"]
[Result "1-0"]
[WhiteElo "2851"]
[BlackElo "2446"]
[TimeControl "180+1"]
[EndTime "10:05:15 PST"]
[Termination "eljanov won by resignation"]

1. e4 c5 2. Nf3 Nc6 3. Bb5 g6 4. Bxc6 dxc6 5. d3 Bg7 6. h3 e5 7. a3 Ne7 8. Be3 b6 9. b4 cxb4 10. axb4 O-O 11. Nbd2 Qc7 12. Nc4 Be6 13. Nfd2 f5 14.
f3 Rad8 15. Qe2 Bf6 16. O-O Bh4 17. Ra3 f4 18. Bf2 Bxf2+ 19. Qxf2 Rd7 20. Rfa1 Qb8 21. Qh4 Kg7 22. Qg5 Bf5 23. exf5 Nxf5 24. Ne4 h6 25. Qg4 Rff7 26. h4 h5 27. Qg5 Rfe7 28. Nf6 1-0

[Event "*** Titled Tuesday Blitz"]
[Site "Chess.com"]
[Date "2021.03.09"]
[Round "1"]
[White "PavelShkapenko"]
[Black "MergenKakabaev"]
[Result "1-0"]
[WhiteElo "2702"]
[BlackElo "2376"]
[TimeControl "180+1"]
[EndTime "10:05:18 PST"]
[Termination "PavelShkapenko won by resignation"]

1. e4 e5 2. Nf3 Nc6 3. Bc4 Nf6 4.
Ng5 d5 5. exd5 Na5 6. Bb5+ c6 7. dxc6 bxc6 8. Bd3 h6 9. Ne4 Nd5 10. O-O f5 11.
Qh5+ Ke7 12. Ng3 e4 13. Re1 Kd6 14. Qg6+ Qf6 15. Qxf6+ Nxf6 16. Bf1 Kc7 17. d3 exd3 18. Bxd3 Bc5 19. Bd2 Nb7 20. Nxf5 Rf8 21. Ne3 Bd7 22. Nc3 Nd6 23. Rad1 a5 24. h3 a4 25. Bc1 a3 26. b3 Bb4 27. Bd2 Bc5 28. Na4 Ba7 29.
Ba5+ Kb7 30. Bb4 1-0

[Event "*** Titled Tuesday Blitz"]
[Site "Chess.com"]
[Date "2021.03.09"]
[Round "1"]
[White "PowerThinking2650"]
[Black "Alexsur1981"]
[Result "0-1"]
[WhiteElo "2439"]
[BlackElo "2830"]
[TimeControl "180+1"]
[EndTime "10:05:19 PST"]
[Termination "Alexsur1981 won by resignation"]

1. e4 c5 2. Nf3 e6 3. d4 cxd4 4. Nxd4 Nf6 5. Nc3 Nc6 6. Ndb5 Bc5 7. Bf4 O-O 8. Bc7 Qe7 9. Bd6 Bxd6 10. Qxd6 Qd8 11.
O-O-O a6 12. Nd4 Qb6 13. Nxc6 bxc6 14. f3 Rb8 15. Na4 Qb4 16. Qxb4 Rxb4 17. Nc5 d5 18. a3 Rb6 19. e5 Nd7 20. Nxd7 Bxd7 21. c4 a5 22. c5 Rb3 23. Rd3 Rb7 24. Rd2 f6 25. exf6 gxf6 26. Bd3 e5 27. Kc2 f5 28.
Re1 e4 29. fxe4 fxe4 30. Be2 Rfb8 31. Rb1 Bf5 32. g3 e3+ 33. Rd3 Rb3 34. g4 Be4 35. h3 a4 36. h4 Rf8 37. g5 Rf2 38.
Re1 Bxd3+ 0-1

[Event "*** Titled Tuesday Blitz"]
[Site "Chess.com"]
[Date "2021.03.09"]
[Round "1"]
[White "Mbneu"]
[Black "BursaBBSatranc"]
[Result "0-1"]
[WhiteElo "2300"]
[BlackElo "2603"]
[TimeControl "180+1"]
[EndTime "10:05:20 PST"]
[Termination "BursaBBSatranc won by resignation"]

1. d4 d5 2. c4 c6 3. Nc3 Nf6 4. Nf3 a6 5. g3 b5 6. Bg2 bxc4 7.
O-O Bf5 8. Ne5 e6 9. b3 cxb3 10. Qxb3 Bd6 11. Qa4 O-O 12. Bf4 Qe7 13. Rfc1 c5 14.
dxc5 Bxc5 15. Rab1 Bxb1 16. Nxb1 Qa7 17. e3 Nbd7 18. Nc6 Qb6 19. Nd2 Rfc8 20. Ne5 Nxe5 21. Bxe5 Bxe3 22. Rxc8+ Rxc8 23. Bxf6 Bxd2 24. Qg4 Qb1+ 25.
Bf1 Qg6 0-1

[Event "*** Titled Tuesday Blitz"]
[Site "Chess.com"]
[Date "2021.03.09"]
[Round "1"]
[White "gross-aleks"]
[Black "GCamachoMartinez"]
[Result "1-0"]
[WhiteElo "2582"]
[BlackElo "2278"]
[TimeControl "180+1"]
[EndTime "10:05:22 PST"]
[Termination "gross-aleks won by resignation"]

1. c4 Nf6 2. d4 g6 3. Nc3 d5 4. Nf3 Bg7 5. e3 c5 6. dxc5 Qa5 7. Qa4+ Qxa4 8. Nxa4 dxc4 9. Bxc4 Bd7 10. Bb3 Na6 11.
Ne5 O-O 12. Nxd7 Nxd7 13. c6 bxc6 14. Bd2 Nac5 15. Ke2 Nxa4 16. Bxa4 Bxb2 17. Rab1 Bf6 18. Bxc6 Rad8 19. Ba5 Nb6 20. Bxb6 axb6 21. Rxb6 Rd6 22. Rd1 Re6 23. Rdb1 Rc8 24. Ba4 Rxb6 25. Rxb6 Rc1 26. g3 h5 27. h4 Kg7 28. Kf3 Ra1 29. Bb3 Bc3 30. Rb7 Kf6 31. Ke2 Rb1 32. Kd3 Be1 33. Ke2 Ba5 34. Rb5 Rb2+ 35. Kf1 Rb1+ 36. Kg2 Rb2 37.
Rxa5 1-0

[Event "*** Titled Tuesday Blitz"]
[Site "Chess.com"]
[Date "2021.03.09"]
[Round "1"]
[White "NoGalloNoParty"]
[Black "Papa12341234"]
[Result "0-1"]
[WhiteElo "2303"]
[BlackElo "2606"]
[TimeControl "180+1"]
[EndTime "10:05:23 PST"]
[Termination "Papa12341234 won by resignation"]

1. d4 Nf6 2. Nf3 e6 3. c4 b6 4. g3 Bb7 5. Bg2 Be7 6. O-O O-O 7. Nc3 d5 8. cxd5 Nxd5 9. Bd2 Nd7 10. Rc1 Nxc3 11.
Bxc3 Bf6 12. e3 Re8 13. Qc2 Qc8 14. Rfd1 c5 15. dxc5 Bxc3 16. Qxc3 Nxc5 17. b4 Ne4 18. Qe5 Qb8 19. Qxb8 Raxb8 20. Rc7 Bd5 21. Nd2 Nf6 22. e4 Ba8 23. Rxa7 Red8 24. Kf1 Rbc8 25. Ke1 Bc6 26.
f3 Rd3 27. Ke2 Bb5 28. Nb3 Rxb3+ 0-1

[Event "*** Titled Tuesday Blitz"]
[Site "Chess.com"]
[Date "2021.03.09"]
[Round "1"]
[White "BJthechessgod"]
[Black "francyIM"]
[Result "0-1"]
[WhiteElo "2291"]
[BlackElo "2596"]
[TimeControl "180+1"]
[EndTime "10:05:23 PST"]
[Termination "francyIM won by checkmate"]

1. d4 Nf6 2. Nf3 d6 3. Bf4 Bf5 4. Nbd2 h6 5. h3 Nbd7 6. c3 c6 7. g4 Bg6 8. Bg2 e6 9. Nc4 Nb6 10. Nxb6 axb6 11. Nd2 d5 12. a4 Bd6 13. Bxd6 Qxd6 14.
Qb3 Nd7 15. e3 O-O 16. f4 f6 17. O-O e5 18. f5 Bf7 19. Nf3 Rfe8 20. Nh4 exd4 21.
exd4 Qg3 22. Nf3 Re2 23. Ne1 Rae8 24. Kh1 Rxg2 25. Nxg2 Re2 26. Nf4 Qh2# 0-1

[Event "*** Titled Tuesday Blitz"]
[Site "Chess.com"]
[Date "2021.03.09"]
[Round "1"]
[White "iturrizaga"]
[Black "McCarthyStone"]
[Result "1-0"]
[WhiteElo "2835"]
[BlackElo "2440"]
[TimeControl "180+1"]
[EndTime "10:05:24 PST"]
[Termination "iturrizaga won by resignation"]

1. c4 Nf6 2. g3 g6 3. Bg2 Bg7 4. Nc3 O-O 5. d4 d6 6. e4 c6 7. Nge2 e5 8. h3 Nbd7 9. Be3 Qa5 10. O-O Re8 11. d5 cxd5 12. cxd5 b5 13. a3 Nb6 14.
b4 Qa6 15. Qd3 Nc4 16. a4 Nxe3 17. axb5 Qb6 18. Qxe3 Qxe3 19. fxe3 Bh6 20. Rxf6 Bxe3+ 21. Kh2 Bd7 22. Rxd6 Red8 23. Rda6 Rac8 24. Rc6 Bxc6 25. bxc6 Kf8 26. b5 Ke7 27. Ra4 Kd6 28. Nd1 Bb6 29. Nec3 f5 30. Bf3 Rf8 31. Kg2 h6 32. Nb2 Kc5 33.
Nd3+ Kd6 34. Rc4 Rc7 35. Na4 Ra8 36. Nac5 Re7 37. Nb7+ Rxb7 38. cxb7 Rb8 39. Rc6+ Kd7 40. Nxe5+ Ke7 41. Re6+ Kf8 42. Nd7+ 1-0

[Event "*** Titled Tuesday Blitz"]
[Site "Chess.com"]
[Date "2021.03.09"]
[Round "1"]
[White "Duhless"]
[Black "SilviusTiberius"]
[Result "1-0"]
[WhiteElo "3018"]
[BlackElo "2482"]
[TimeControl "180+1"]
[EndTime "10:05:27 PST"]
[Termination "Duhless won by resignation"]

1. d4 Nf6 2. Nf3 e6 3. c4 d5 4.
g3 Be7 5. Bg2 O-O 6. O-O dxc4 7.
Qc2 a6 8. a4 Bd7 9. Qxc4 Bc6 10.
Bg5 Nbd7 11. Nc3 Ne4 12. Bxe7 Qxe7 13. Nxe4 Bxe4 14. Qxc7 Rfc8 15. Qf4 Nf6 16. Ne5 Bxg2 17. Kxg2 Rc2 18. Qf3 Rxb2 19. Rab1 Qb4 20. Nd3 Rxb1 21. Nxb4 Rxb4 22. e3 Rc8 23. Qe2 Rxa4 24. Qb2 b5 25.
Ra1 Rxa1 26. Qxa1 Ra8 27. Qa5 h5 28. h3 Nd5 29. e4 Nf6 30. Kf3 Ne8 31. Qb6 Kf8 32.
Qc5+ Kg8 33. Qc6 Rd8 34. Qxa6 Rxd4 35. Qc8 1-0

[Event "*** Titled Tuesday Blitz"]
[Site "Chess.com"]
[Date "2021.03.09"]
[Round "1"]
[White "Vugar_Manafov"]
[Black "ludogoretz"]
[Result "1-0"]
[WhiteElo "2681"]
[BlackElo "2367"]
[TimeControl "180+1"]
[EndTime "10:05:27 PST"]
[Termination "Vugar_Manafov won by resignation"]

1. Nf3 Nf6 2. g3 d6 3. Bg2 g6 4.
O-O Bg7 5. d3 O-O 6. e4 c5 7.
Nh4 Nc6 8. f4 Bg4 9. Nf3 Qd7 10.
Nbd2 Bh3 11. Nc4 Bxg2 12. Kxg2 b5 13. Ne3 e5 14. c3 exf4 15. gxf4 d5 16. e5 Ng4 17.
Qe2 Nxe3+ 18. Bxe3 d4 19. cxd4 cxd4 20. Bf2 Bh6 21.
Qe4 Rad8 22. Rac1 Qg4+ 23. Bg3 Nb4 24. Nxd4 Nxa2 25. Rc7 Rc8 26. Rxa7 Nb4 27. h3 Qh5 28. e6 f5 29. Qb7 1-0

[Event "*** Titled Tuesday Blitz"]
[Site "Chess.com"]
[Date "2021.03.09"]
[Round "1"]
[White "coco_crc"]
[Black "GM_LOADING"]
[Result "0-1"]
[WhiteElo "2195"]
[BlackElo "2527"]
[TimeControl "180+1"]
[EndTime "10:05:27 PST"]
[Termination "GM_LOADING won by resignation"]

1. e4 e5 2. Nf3 Nc6 3. c3 Nf6 4. d4 d6 5. dxe5 dxe5 6. Qxd8+ Kxd8 7. Bg5 Ke8 8. Nbd2 Be6 9. Bxf6 gxf6 10. Bc4 Bh6 11.
Bxe6 fxe6 12. Ke2 Ke7 13. Rhd1 Rhg8 14. g3 Nd8 15. Nc4 Nf7 16. Rd3 Nd6 17. Nxd6 cxd6 18. Rad1 Rgd8 19. c4 Rac8 20. b3 Rc6 21. Nd2 a6 22. a4 Bxd2 23. R1xd2 a5 24. Ke3 Rg8 25. Rd1 Rgc8 26. R1d2 Rb6 27. Rd1 Kd7 28. Kd2 Kc6 29. Kc3 Kc5 30. Rf3 Rf8 31. Rd2 Rc6 32. Rd1 Rc7 33.
Rfd3 Rd7 34. Rb1 f5 35. exf5 Rxf5 36. Rb2 e4 37. Rd4 Rf3+ 0-1

[Event "*** Titled Tuesday Blitz"]
[Site "Chess.com"]
[Date "2021.03.09"]
[Round "1"]
[White "FMOlexandrProhorov"]
[Black "Kretov_Evgenij"]
[Result "0-1"]
[WhiteElo "2117"]
[BlackElo "2511"]
[TimeControl "180+1"]
[EndTime "10:05:27 PST"]
[Termination "Kretov_Evgenij won by resignation"]

1. d4 Nf6 2. c4 c5 3. dxc5 e6 4. Nf3 Bxc5 5. Nc3 O-O 6. e3 b6 7.
Be2 Bb7 8. O-O a6 9. b3 Be7 10.
Bb2 d6 11. Qc2 Nbd7 12. Rfd1 Qc7 13. Nd4 Rfd8 14. Bf3 Rac8 15. Qe2 Ne5 16. Bxb7 Qxb7 17. Rac1 h6 18. h3 Rb8 19. a4 Rdc8 20. f4 Nc6 21. Nxc6 Qxc6 22. e4 Nd7 23. Nd5 Bf8 24. Ne3 Nc5 25.
e5 Nxb3 26. exd6 Nxc1 27. Rxc1 Bxd6 28. Qg4 Bf8 29. f5 exf5 30. Nxf5 Qg6 31. Qf3 b5 32. axb5 axb5 33. Nh4 Qb6+ 34. Kh1 bxc4 35. Bc3 Qc6 36. Qf4 Qd6 37. Be5 Qd8 38. Bxb8 Rxb8 39. Qxc4 Rb4 40. Qe2 Qxh4 0-1

[Event "*** Titled Tuesday Blitz"]
[Site "Chess.com"]
[Date "2021.03.09"]
[Round "1"]
[White "seorobert1971"]
[Black "ulkaf961"]
[Result "1-0"]
[WhiteElo "2721"]
[BlackElo "2393"]
[TimeControl "180+1"]
[EndTime "10:05:28 PST"]
[Termination "seorobert1971 won on time"]

1. Nf3 e6 2. d4 d5 3. c4 a6 4. Nc3 dxc4 5. a4 Nc6 6. e3 Na5 7. Ne5 Nf6 8. Nxc4 Nxc4 9. Bxc4 c5 10. O-O cxd4 11. exd4 Be7 12. d5 exd5 13. Nxd5 Nxd5 14. Bxd5 O-O 15. Qf3 Bg4 16. Bxf7+ Rxf7 17. Qxg4 Bc5 18.
Be3 Qb6 19. a5 Qa7 20. Bxc5 Qxc5 21. b4 Qc2 22. Rac1 Qf5 23. Qxf5 Rxf5 24. g3 Rb5 25. Rc4 Rd8 26. Re1 Kf7 27. Rf4+ Kg8 28. Re7 Rf8 29. Rg4 g6 30. Rd4 Rf7 31. Ree4 Rc7 32. Kg2 Kg7 33. h4 Rf5 34. g4 Rb5 35. f3 Rf7 36. Kg3 1-0

[Event "*** Titled Tuesday Blitz"]
[Site "Chess.com"]
[Date "2021.03.09"]
[Round "1"]
[White "VladimirPotkin"]
[Black "AniJak"]
[Result "1-0"]
[WhiteElo "2620"]
[BlackElo "2315"]
[TimeControl "180+1"]
[EndTime "10:05:29 PST"]
[Termination "VladimirPotkin won by checkmate"]

1. Nf3 d5 2. b3 Nf6 3. Bb2 g6 4. e3 Bg7 5. c4 c6 6. Be2 O-O 7. O-O Bg4 8. h3 Bxf3 9. Bxf3 Nbd7 10. Nc3 dxc4 11. bxc4 e5 12. Qc2 Re8 13. Rab1 Nc5 14. Ba3 e4 15. Bxc5 exf3 16. Rxb7 fxg2 17. Kxg2 Nd7 18. Bd6 Ne5 19. Bxe5 Rxe5 20. f4 Rh5 21. Rf3 g5 22. Qf5 Qxd2+ 23. Rf2 Qxc3 24. Qxf7+ Kh8 25.
Qxh5 gxf4 26. exf4 Rg8 27. Kh2 Qe3 28. Qf3 Qe1 29.
Rg2 Bd4 30. Rxh7+ Kxh7 31. Qh5# 1-0

[Event "*** Titled Tuesday Blitz"]
[Site "Chess.com"]
[Date "2021.03.09"]
[Round "1"]
[White "K_A_S_T_O_R"]
[Black "Tactictic"]
[Result "1-0"]
[WhiteElo "2789"]
[BlackElo "2417"]
[TimeControl "180+1"]
[EndTime "10:05:31 PST"]
[Termination "K_A_S_T_O_R won by resignation"]

1. e4 c5 2. Nf3 d6 3. d4 cxd4 4. Nxd4 Nf6 5. Nc3 a6 6. Bg5 Nbd7 7. Bc4 Qb6 8. Bb3 e6 9. Bxf6 Nxf6 10. Qd2 Be7 11. O-O-O O-O 12. f4 Qc7 13. g4 b5 14. a3 Bb7 15. Rhe1 d5 16. e5 Nd7 17. f5 Nc5 18. Kb1 b4 19. axb4 Nxb3 20. cxb3 Qb6 21. f6 gxf6 22. Qh6 Qd8 23. Rd3 Re8 24. Rh3 Bxb4 25.
exf6 1-0

[Event "*** Titled Tuesday Blitz"]
[Site "Chess.com"]
[Date "2021.03.09"]
[Round "1"]
[White "Ghost_Pepper"]
[Black "jacky72"]
[Result "0-1"]
[WhiteElo "2380"]
[BlackElo "2706"]
[TimeControl "180+1"]
[EndTime "10:05:31 PST"]
[Termination "jacky72 won by resignation"]

1. e4 e5 2. Nf3 Nc6 3. Bc4 Bc5 4.
b4 Bxb4 5. c3 Ba5 6. d4 exd4 7.
O-O Nge7 8. cxd4 d5 9. exd5 Nxd5 10. Qb3 Be6 11. Qxb7 Ndb4 12. Qb5 Rb8 13. Qc5 Bb6 14. Qh5 Bxc4 15. Re1+ Kf8 16. Ba3 Bxd4 17. Nxd4 Qxd4 18. Nc3 Qxc3 19. Qc5+ Kg8 20. Bxb4 Nxb4 21. Qxc7 Rf8 22.
Rac1 Qd2 23. Qxc4 Nd3 24. Qd4 h5 25. Red1 Qxc1 26. Rxc1 Nxc1 27. Qc3 Ne2+ 0-1

[Event "*** Titled Tuesday Blitz"]
[Site "Chess.com"]
[Date "2021.03.09"]
[Round "1"]
[White "sbouchet"]
[Black "ymoy"]
[Result "0-1"]
[WhiteElo "2339"]
[BlackElo "2641"]
[TimeControl "180+1"]
[EndTime "10:05:32 PST"]
[Termination "ymoy won by resignation"]

1. e4 c5 2. c3 d5 3. exd5 Qxd5 4. d4 Nf6 5. Nf3 Bg4 6. Be2 e6 7. Na3 Nc6 8. O-O Be7 9. Nb5 Qd8 10. dxc5 Bxc5 11. b4 Be7 12. h3 Bh5 13. Qb3 a6 14. Rd1 Qb8 15. Nbd4 Nxd4 16. Rxd4 O-O 17. Bf4 Qc8 18. Bg5 h6 19. Bh4 Qc7 20. Bg3 Qb6 21.
a4 Rac8 22. a5 Qc6 23. c4 Rfd8 24. Rad1 Rxd4 25. Nxd4 Qe4 26. Bd3 Bxd1 27. Bxe4 Bxb3 28. Bxb7 Rxc4 29. Nxb3 Rxb4 0-1

[Event "*** Titled Tuesday Blitz"]
[Site "Chess.com"]
[Date "2021.03.09"]
[Round "1"]
[White "140mariam"]
[Black "Trankuilizer"]
[Result "0-1"]
[WhiteElo "2252"]
[BlackElo "2566"]
[TimeControl "180+1"]
[EndTime "10:05:32 PST"]
[Termination "Trankuilizer won by checkmate"]

1. d4 Nf6 2. c4 c5 3. Nf3 cxd4 4.
Nxd4 e5 5. Nb5 d5 6. cxd5 Bc5 7. N5c3 O-O 8. g3 Bf5 9. Bg2 Nbd7 10. e4 Bg4 11.
Qc2 Rc8 12. O-O Bd4 13. Nd2 b5 14. Qb3 a6 15. a3 Nc5 16. Qa2 Nd3 17. Nb3 Bxf2+ 18.
Kh1 Bb6 19. h3 Qd7 20. Kh2 Nf2 21. hxg4 N6xg4+ 22. Kg1 Nxe4+ 23. Kh1 Nxg3# 0-1

[Event "*** Titled Tuesday Blitz"]
[Site "Chess.com"]
[Date "2021.03.09"]
[Round "1"]
[White "WilliamSchill"]
[Black "Benjoneliere44"]
[Result "0-1"]
[WhiteElo "2019"]
[BlackElo "2498"]
[TimeControl "180+1"]
[EndTime "10:05:34 PST"]
[Termination "Benjoneliere44 won by resignation"]

1. e4 c5 2. Nf3 d6 3. d4 cxd4 4. Nxd4 Nf6 5. Nc3 g6 6. Be3 Bg7 7. f3 O-O 8. Qd2 Nc6 9. O-O-O d5 10. Qe1 e5 11. Nxc6 bxc6 12. exd5 Nxd5 13. Bc4 Be6 14. Bc5 Qg5+ 15. Kb1 Rfd8 16. g4 Nxc3+ 17. Qxc3 e4 18. Bd4 Rxd4 19. Rxd4 c5 20. Qd2 Qxd2 21. Rxd2 Bxc4 22. fxe4 Be6 23. h3 Rb8 24. b3 a5 25.
Rhd1 Bf6 26. Rd6 a4 27. Rc6 c4 0-1

[Event "*** Titled Tuesday Blitz"]
[Site "Chess.com"]
[Date "2021.03.09"]
[Round "1"]
[White "AradNazari"]
[Black "ChessWarrior3"]
[Result "1-0"]
[WhiteElo "2505"]
[BlackElo "2091"]
[TimeControl "180+1"]
[EndTime "10:05:35 PST"]
[Termination "AradNazari won on time"]

1. e4 c5 2. Nf3 d6 3. Bb5+ Nd7 4. d4 cxd4 5. Qxd4 a6 6. Bxd7+ Bxd7 7.
O-O Nf6 8. c4 Rc8 9. Nc3 g6 10. e5 dxe5 11. Nxe5 Bg7 12. Nxd7 Qxd7 13. Qh4 Qe6 14. Bh6 Rxc4 15. Qg5 Rg4 16. Qd2 Bxh6 17. Qxh6 Qf5 18. f3 Rg5 19. Ne4 Nxe4 20. fxe4 Qg4 21. Rf2 e5 22. Qg7 Rf8 23. Rc1 Qe6 24. Rfc2 Ke7 25.
Rc7+ Kd8 26. Qxf8+ 1-0

[Event "*** Titled Tuesday Blitz"]
[Site "Chess.com"]
[Date "2021.03.09"]
[Round "1"]
[White "NefeLV"]
[Black "lagedema"]
[Result "0-1"]
[WhiteElo "1813"]
[BlackElo "2489"]
[TimeControl "180+1"]
[EndTime "10:05:35 PST"]
[Termination "lagedema won by resignation"]

1. e4 c6 2. d4 d5 3. Nc3 dxe4 4. Nxe4 Bf5 5. Ng3 Bg6 6. c3 Nf6 7. Nf3 Nbd7 8. Bd3 Qc7 9. Bxg6 hxg6 10. Be3 e6 11.
Qd2 Bd6 12. O-O-O O-O-O 13. Kb1 Ng4 14. Ne2 Ndf6 15. Qc2 Nd5 16. Rd3 Ndxe3 17. fxe3 Nf2 18. Rf1 Nxd3 19. Qxd3 Bxh2 20. c4 Bd6 21. Qb3 c5 22. d5 exd5 23. cxd5 Rhe8 24. Nc1 c4 25. Qa4 a6 26.
Nd2 Kb8 27. e4 f6 28. Ne2 Ka7 29. Rc1 b5 30. Qc2 Qb6 31. Nf3 Bc5 32. Nf4 Be3 33. Ne6 Rxe6 34. dxe6 Bxc1 35. Qxc1 Qxe6 36. Qe3+ Kb7 37.
Nd4 Qd6 0-1

[Event "*** Titled Tuesday Blitz"]
[Site "Chess.com"]
[Date "2021.03.09"]
[Round "1"]
[White "davigator"]
[Black "slavenok"]
[Result "0-1"]
[WhiteElo "2394"]
[BlackElo "2723"]
[TimeControl "180+1"]
[EndTime "10:05:40 PST"]
[Termination "slavenok won by resignation"]

1. e4 c5 2. Nf3 a6 3. d4 cxd4 4.
Nxd4 Nf6 5. Bd3 e5 6. Nb3 Nc6 7. c4 Be7 8. O-O O-O 9. Nc3 d6 10.
Nd5 Be6 11. f3 Rc8 12. Be3 Nd7 13. Qd2 Nc5 14. Nxc5 dxc5 15. Qf2 Nd4 16. Rfd1 Bxd5 17. exd5 f5 18. f4 e4 19. Bf1 b5 20. b3 Bf6 21. Rac1 Qa5 22. Kh1 Rfd8 23. Rd2 h6 24.
Rcd1 Qb6 25. Be2 bxc4 26. Bxc4 Kh7 27. Rg1 Qd6 28. Rgd1 Qe7 29. Qf1 a5 30. Qf2 Qd6 31. Qf1 Rb8 32. Qf2 Rdc8 33. Qg1 a4 34. bxa4 Rb4 35.
Bb5 Nxb5 36. axb5 Rxb5 37. Rc2 c4 38. Bd4 Rxd5 39. Rcd2 Bxd4 40. Rxd4 Rxd4 41. Rxd4 Qc5 42. g3 c3 43. Rd1 c2 44. Rc1 Qc3 45. Qf2 e3 46.
Qe2 Qd2 47. Qf1 e2 48. Qg1 Qd1 0-1

[Event "*** Titled Tuesday Blitz"]
[Site "Chess.com"]
[Date "2021.03.09"]
[Round "1"]
[White "Chernobay_Artem"]
[Black "Guzman70"]
[Result "0-1"]
[WhiteElo "2610"]
[BlackElo "2340"]
[TimeControl "180+1"]
[EndTime "10:05:40 PST"]
[Termination "Guzman70 won by resignation"]

1. d4 Nf6 2. c4 c5 3. d5 b5 4.
cxb5 a6 5. bxa6 g6 6. Nc3 Bxa6 7. e4 Bxf1 8. Kxf1 d6 9. g3 Bg7 10. Nf3 Nbd7 11. Kg2 Qa5 12. a4 O-O 13. Re1 Rfb8 14.
Qc2 Ng4 15. Bd2 Nge5 16. Nb5 Qd8 17. Nxe5 Nxe5 18. Bc3 Qb6 19. f4 Ng4 20. h3 Nf6 21. b3 e6 22. Bxf6 Bxf6 23. e5 dxe5 24. fxe5 Bg7 25.
d6 Rd8 26. Qe4 Rac8 27. Rad1 h5 28. h4 Rd7 29. Kh3 Qa5 30. Re3 c4 31. bxc4 Qxa4 32. Nc7 Qxd1 33. c5 Rdxc7 34. dxc7 Qg4+ 35. Qxg4 hxg4+ 36. Kxg4 Rxc7 37. Rc3 Bxe5 38. Rc4 Rc6 0-1

[Event "*** Titled Tuesday Blitz"]
[Site "Chess.com"]
[Date "2021.03.09"]
[Round "1"]
[White "Coiote53"]
[Black "FoggyMorning"]
[Result "0-1"]
[WhiteElo "2318"]
[BlackElo "2620"]
[TimeControl "180+1"]
[EndTime "10:05:40 PST"]
[Termination "FoggyMorning won by checkmate"]

1. e4 c5 2. Nf3 d6 3. d4 cxd4 4. Nxd4 Nf6 5. Nc3 g6 6. Be3 Bg7 7. f3 O-O 8. Qd2 Nc6 9. O-O-O d5 10. Qe1 e5 11. Nxc6 bxc6 12. exd5 Nxd5 13. Bc4 Be6 14. Ne4 f5 15. Ng5 Bc8 16. h4 h6 17.
Nh3 Be6 18. Bc5 Rf7 19. Nf2 Rd7 20. Kb1 Rb8 21. Bb3 Bf7 22. g4 Qf6 23. g5 hxg5 24.
hxg5 Qxg5 25. Qa5 Qf6 26. Rdg1 e4 27. c3 Rb5 28. Qa3 Nxc3+ 29. bxc3 Qxc3 30. Rc1 Qa1+ 31. Kc2 Rxc5+ 32. Qxc5 Qb2# 0-1

[Event "*** Titled Tuesday Blitz"]
[Site "Chess.com"]
[Date "2021.03.09"]
[Round "1"]
[White "Korona_91"]
[Black "FairChess_on_YouTube"]
[Result "0-1"]
[WhiteElo "2474"]
[BlackElo "2963"]
[TimeControl "180+1"]
[EndTime "10:05:44 PST"]
[Termination "FairChess_on_YouTube won by checkmate"]

1. e4 c5 2. Nf3 a6 3. c4 Nc6 4. Nc3 e5 5. g3 d6 6. Bg2 b5 7. d3 bxc4 8. dxc4 Nf6 9. O-O Be7 10. Nh4 Nd4 11. Be3 O-O 12. h3 Rb8 13. b3 Ne8 14. Nf3 Be6 15. Nd5 a5 16. Nd2 Bg5 17. f4 Bh6 18. f5 Bxd5 19. Bxh6 gxh6 20. Qg4+ Kh8 21.
exd5 Rg8 22. Qh5 Rxg3 23. Ne4 Nf6 24. Nxf6 Qxf6 25. Kh2 Rbg8 26. Be4 R8g5 27. Qd1 R5g4 28. Qxg4 Rxg4 29. hxg4 Qh4+ 30. Kg1 Qg3+ 31. Bg2 Ne2+ 32. Kh1 Qh4+ 33. Bh3 Qxh3# 0-1